 Dungeon Crawl Stone Soup version 0.31-a0-965-g8a8ce12e04 (webtiles) character file.

Game seed: 9113142376047225342

1621 Ahpoh the Slasher (level 8, -7/67 HPs)
             Began as a Black Draconian Shapeshifter on Oct 26, 2023.
             Was a Follower of Okawaru.
             Mangled by a wight
             ... wielding a +0 scimitar
              (11 damage)
             ... on level 6 of the Dungeon.
             The game lasted 00:17:16 (7422 turns).

Ahpoh the Slasher (Black Draconian Shapeshifter)    Turns: 7422, Time: 00:17:16

Health: -7/67      AC:  6    Str: 17    XL:     8   Next: 64%
Magic:  17/17      EV: 13    Int: 11    God:    Okawaru [*.....]
Gold:   240        SH:  0    Dex: 12    Spells: 7/7 levels left

rFire   . . .        x - +1 long sword
rCold   + . .        (no shield)
rNeg    . . .        (body armour unavailable)
rPois   .            (helmet currently unavailable)
rElec   +            (cloak currently unavailable)
rCorr   .            (gloves currently unavailable)
SInv    .            (boots currently unavailable)
Will    .....        d - amulet of the acrobat
Stlth   +            h - ring of protection from cold
HPRegen 0.31/turn    w - ring of magical power
MPRegen 0.15/turn

%: acrobat
@: lethally poisoned (-7 -> -12), beast-form
A: beast (slay +2), breathe lightning, AC +6, unfitting armour, electricity
resistance, cold-blooded
a: Breathe Lightning, Begin Untransformation, Renounce Religion, Heroism


You were on level 6 of the Dungeon.
You worshipped Okawaru.
Okawaru was aware of your devotion.
You were a hulking beast.
You visited 2 branches of the dungeon, and saw 8 of its levels.

You collected 240 gold pieces.

Inventory:

Hand Weapons
 x - a +1 long sword (weapon)
Jewellery
 d - an amulet of the acrobat (around neck)
 h - a ring of protection from cold (left hand)
 w - a ring of magical power (right hand)
 y - a ring of protection from cold
Talismans
 b - a beast talisman (active)
 c - a flux talisman
Wands
 i - a wand of charming (11)
Scrolls
 e - 4 scrolls of enchant weapon
 f - 3 scrolls of teleportation {unknown}
 g - a scroll of fog {unknown}
 k - a scroll of blinking {unknown}
 l - 2 scrolls of amnesia {unknown}
 n - a scroll of immolation {unknown}
 p - a scroll of butterflies {unknown}
 r - a scroll of torment {unknown}
 s - a scroll of fear {unknown}
 u - a scroll of identify
Potions
 j - a potion of might {unknown}
 m - a potion of brilliance
 o - a potion of degeneration {unknown}
 q - a potion of haste {unknown}
 t - 3 potions of attraction
 v - 2 potions of cancellation


   Skills:
 * Level 4.9 Fighting
 * Level 7.0 Long Blades
 * Level 4.6 Dodging
 - Level 4.3 Unarmed Combat
 * Level 4.7 Shapeshifting


You had 7 spell levels left.
You didn't know any spells.
Your spell library contained the following spells:

 Spells                   Type           Power      Damage    Failure   Level
 Foxfire                  Conj/Fire      0%         2x1d4     34%         1
 Magic Dart               Conj           0%         1d3       34%         1
 Cigotuvi's Dreadful Rot  Necr/Pois/Air  0%         N/A       47%         2
 Ensorcelled Hibernation  Hex/Ice        0%         N/A       47%         2
 Passwall                 Tmut/Erth      0%         N/A       47%         2
 Searing Ray              Conj           0%         2d4       47%         2
 Static Discharge         Conj/Air       0%         3-3/arc   47%         2
 Swiftness                Air            0%         N/A       71%         3
 Airstrike                Air            0%         2d(0-16)  98%         4
 Dispel Undead            Necr           0%         3d6       98%         4
 Fulminant Prism          Conj/Hex       0%         3d5       98%         4
 Plasma Beam              Fire/Air       0%         2x1d10    100%        6
 Starburst                Conj/Fire      0%         6d3       100%        6
 Summon Lightning Spire   Summ/Air       Unusable   N/A       N/A         4
 Death Channel            Necr           Unusable   N/A       N/A         6

Dungeon Overview and Level Annotations

Branches:
Dungeon (7/15)             Temple (1/1) D:6

Altars:
Ashenzari
Cheibriados
Dithmenos
Fedhas
Gozag
Makhleb
Okawaru
Qazlal
Ru
Sif Muna
Trog
Uskayaw
Vehumet
Wu Jian
Xom
Yredelemnul
Zin
The Shining One


Innate Abilities, Weirdness & Mutations

You are a hulking beast.
Your limbs bulge with bestial killing power. (Slay +2)
You can breathe wild blasts of lightning.
Your glossy black scales are hard. (AC +6)
You cannot fit into any form of body armour.
You are resistant to electric shocks. (rElec)
You are cold-blooded and may be slowed by cold attacks.


Message History

The water moccasin misses you.
You barely miss the water moccasin.
The water moccasin is severely wounded.
The water moccasin bites you but does no damage.
You completely miss the water moccasin.
The water moccasin is severely wounded.
The water moccasin bites you!
* * * LOW HITPOINT WARNING * * *
The water moccasin closely misses you.
You barely miss the water moccasin.
The water moccasin is severely wounded.
The water moccasin barely misses you.
You miss the water moccasin.
The water moccasin is severely wounded.
The water moccasin closely misses you. The water moccasin barely misses you.
You hit the water moccasin.
The water moccasin is almost dead.
The water moccasin barely misses you.
You hit the water moccasin but do no damage.
You punch the water moccasin.
The water moccasin is almost dead.
The water moccasin misses you. The water moccasin barely misses you.
You barely miss the water moccasin.
The water moccasin is almost dead.
The water moccasin bites you.
* * * LOW HITPOINT WARNING * * *
You are lethally poisoned!
The water moccasin poisons you!
You slash the water moccasin!
You kill the water moccasin!
Okawaru accepts your kill.
You can now gain great but temporary skills.
* * * LOW HITPOINT WARNING * * *
You feel very sick.
Your Long Blades skill increases to level 7!
You hit the wight.
The wight is moderately damaged.
* * * LOW HITPOINT WARNING * * *
You feel sick. The wight hits you with a +0 scimitar!
You die...

#.........'....#########
#.#########............# ##.####
#............# #.....#
##.#.........# #.....#
#.#.........# #.....#
#.#.........###### ####.....#
#.#............... .........#
#.#............... ........##
#h#...............
........########z################
........##.......................
.........>......................#
######.##.##############.######..
#...#.##.# #.######.. #.....##.#
#.#....... #.....##.# #.#.......
#.....##.# #.#.......


You could see a wight.

Vanquished Creatures
  Menkaure (D:6)
  2 water moccasins
  A black bear (D:5)
  A sky beast (D:6)
  An ogre (D:5)
  A phantom (D:6)
  2 bullfrogs (D:6)
  2 scorpions (D:6)
  A crimson imp (D:5)
  2 orc priests
  2 hounds
  A gnoll bouda (D:5)
  7 iguanas
  Ijyb (D:3)
  An orc wizard (D:6)
  8 gnolls
  8 adders
  3 white imps
  3 worms
  A dart slug (D:3)
  21 orcs
  8 endoplasms
  3 giant cockroaches
  7 goblins
  4 hobgoblins
  4 jackals (D:1)
  4 quokkas
  13 ball pythons
  7 bats
  A frilled lizard (D:2)
  6 kobolds
  6 rats
133 creatures vanquished.

Notes
Turn   | Place    | Note
-------+----------+-------------------------------------------
     0 | D:1      | Ahpoh the Draconian Shapeshifter began the quest for the
                  | Orb.
     0 | D:1      | Reached XP level 1. HP: 16/16 MP: 1/1
   156 | D:1      | Reached XP level 2. HP: 23/23 MP: 2/2
   766 | D:2      | Reached XP level 3. HP: 23/28 MP: 3/3
   892 | D:2      | Found a faded altar of an unknown god.
  1298 | D:2      | Reached XP level 4. HP: 36/36 MP: 4/4
  1953 | D:3      | Reached XP level 5. HP: 30/41 MP: 5/5
  2158 | D:3      | Noticed Ijyb
  2230 | D:3      | Killed Ijyb
  2306 | D:3      | Found a burning altar of Makhleb.
  2309 | D:3      | Noticed a cacodemon
  3298 | D:3      | Reached skill level 1 in Long Blades
  3525 | D:4      | Reached XP level 6. HP: 25/50 MP: 6/6
  3843 | D:4      | Reached skill level 2 in Long Blades
  4540 | D:5      | Entered Level 5 of the Dungeon
  4793 | D:5      | Reached skill level 3 in Long Blades
  4799 | D:5      | HP: 1/51 [black bear (2)]
  4821 | D:5      | Your scales start taking on a glossy black colour.
  4821 | D:5      | Reached XP level 7. HP: 21/57 MP: 7/7
  4821 | D:5      | Gained mutation: You are resistant to electric shocks.
                  | (rElec) [Black Draconian growth]
  4976 | D:5      | Found a hide-covered altar of Uskayaw.
  4977 | D:5      | Noticed a +0 hand axe
  4977 | D:5      | Noticed a +0 dagger
  5324 | D:5      | Reached skill level 4 in Long Blades
  5668 | D:5      | Found a sacrificial altar of Ru.
  5668 | D:5      | Found a shimmering altar of Xom.
  5677 | D:5      | Found a broken altar of Ashenzari.
  5679 | D:5      | Found a faded altar of an unknown god.
  5695 | D:5      | Found a snail-covered altar of Cheibriados.
  6104 | D:6      | Noticed Menkaure
  6118 | D:6      | Killed Menkaure
  6119 | D:6      | Reached skill level 5 in Long Blades
  6404 | D:5      | Reached XP level 8. HP: 25/66 MP: 8/8
  6691 | D:6      | Found a staircase to the Ecumenical Temple.
  6701 | Temple   | Entered the Ecumenical Temple
  6832 | Temple   | Became a worshipper of Warmaster Okawaru
  6881 | D:6      | Reached skill level 6 in Long Blades
  7421 | D:6      | Reached * piety under Okawaru
  7422 | D:6      | Reached skill level 7 in Long Blades
  7422 | D:6      | Mangled by a wight

Illustrated notes

Levels and vault maps discovered:
D:1:      lemuel_arrival_rhombus, layout_basic, minmay_misc_feat_chi
D:2:      layout_loops_ring, shapermc_ecumenical_altar_starsandcircs
D:3:      layout_basic, makhleb_altar_promises_db, nicolae_underground_beach,
          uniq_ijyb
D:4:      layout_loops_ring, kennysheep_generic_room_4
D:5:      layout_loops_ring, dancing_weapons_uskayaw,
          chequers_temple_overflow_minitemple, minmay_fire_ice_demons
D:6:      layout_basic, minmay_temple_entry_nine_rooms, uniq_menkaure
D:7:      layout_gridville, general_overflow_altar, st_stairs_2
Temple:   nicolae_temple_hex_pool

Skill      XL: |  1  2  3  4  5  6  7  8 |
---------------+-------------------------+-----
Dodging        | 2 3 4 |  4.6
Unarmed Combat | 4 |  4.3
Fighting       | 2 3 4 |  4.9
Long Blades    | 1 3 5 7 |  7.0
Shapeshifting  | 4 |  4.7

Action                     |  1- 3 |  4- 6 |  7- 9 || total
---------------------------+-------+-------+-------++-------
  Melee: Unarmed           |   128 |    70 |       ||   198
         Tailslap          |    15 |    33 |    31 ||    79
         Punch             |     1 |     9 |     9 ||    19
         Falchion          |       |   153 |       ||   153
         Long sword        |       |    31 |   210 ||   241
Ability: Breathe Lightning |       |       |     1 ||     1
  Evoke: Wand              |       |     3 |       ||     3
    Use: Potion            |       |     5 |     5 ||    10
         Scroll            |       |     3 |     2 ||     5
   Stab: Sleeping          |       |     1 |       ||     1
 Armour: Skin              |    47 |   193 |   138 ||   378
  Dodge: Dodged            |    96 |   168 |   153 ||   417
   Form: Beast             |     1 |       |       ||     1

Table legend: (Time is in decaauts)
 A = Elapsed time spent in this place.
 B = Non-inter-level travel time spent in this place.
 C = Inter-level travel time spent in this place.
 D = Time resting spent in this place.
 E = Time spent auto-exploring this place.
 F = Levels seen in this place.
 G = Mean time per level.
                   A        B        C        D        E       F      G
               +--------+--------+--------+--------+--------+-----+--------+
         Total |   7494 |   7440 |     54 |   1516 |   3943 |   8 |  936.8 |
       Dungeon |   7325 |   7271 |     54 |   1516 |   3943 |   7 | 1046.4 |
        Temple |    168 |    168 |      0 |      0 |      0 |   1 |  168.0 |
               +--------+--------+--------+--------+--------+-----+--------+

Top non-repeatable levels by time:
     D:3: 1944 daAuts
     D:5: 1497 daAuts
     D:6: 1251 daAuts
     D:4: 1045 daAuts
     D:2: 820 daAuts
     D:1: 757 daAuts
  Temple: 168 daAuts
     D:7: 8 daAuts
